 Dungeon Crawl Stone Soup version 0.30-a0-371-gad7725a93e (webtiles) character file.

Game seed: 4219668204040419958

8884 raistware the Destroyer (level 11, 0/64 HPs)
             Began as an Octopode Conjurer on Nov 22, 2022.
             Was a Believer of Vehumet.
             Succumbed to a cane toad's poison
             ... on level 1 of the Lair of Beasts.
             The game lasted 00:47:43 (12617 turns).

raistware the Destroyer (Octopode Conjurer)        Turns: 12617, Time: 00:47:44

Health: 0/64       AC:  3    Str:  6 (9)  XL:     11   Next: 37%
Magic:  17/21      EV: 14    Int: 35 (36) God:    Vehumet [**....]
Gold:   528        SH:  0    Dex: 10      Spells: 13/24 levels left

rFire   . . .      SeeInvis +    k - +9 sling of Fundamental Breach {freeze, rCorr Int+3 Stlth+}
rCold   . . .      Faith    .    (no shield)
rNeg    . . .      Spirit   .    e - +2 hat {SInv}
rPois   .          Reflect  .    (no amulet)
rElec   .          Harm     .    b - +6 ring of intelligence
rCorr   +          Rampage  .    q - ring of willpower
Will    +....                    v - ring of wizardry
Stlth   ++++......               (no ring)
HPRegen 0.30/turn                (no ring)
MPRegen 0.17/turn                (no ring)
                                 (no ring)
                                 (no ring)

@: lethally poisoned (0 -> -16), flying
A: almost no armour, amphibious, 8 rings, camouflage 1, gelatinous body 1,
(nimble swimmer 1), tentacles, clever 1, strong 1
a: Renounce Religion


You were on level 1 of the Lair of Beasts.
You worshipped Vehumet.
Vehumet was pleased with you.
You visited 3 branches of the dungeon, and saw 12 of its levels.

You collected 528 gold pieces.

Inventory:

Hand Weapons
 k - the +9 sling of Fundamental Breach (weapon) {freeze, rCorr Int+3 Stlth+}
   (You found it on level 2 of the Dungeon)

   Any ammunition fired from it freezes those it strikes, dealing additional
   cold damage.
   It can also slow down cold-blooded creatures.
   Int:       It affects your intelligence (+3).
   rCorr:     It protects you from acid and corrosion.
   Stlth:     It makes you more stealthy.
Missiles
 a - 3 curare-tipped darts
 f - 2 throwing nets
 D - 14 poisoned darts
Armour
 e - a +2 hat of see invisible (worn)
Jewellery
 b - a +6 ring of intelligence (left tentacle)
 q - a ring of willpower (right tentacle)
 v - a ring of wizardry (on tentacle)
 w - a ring of fire
Wands
 i - a wand of light (6)
 t - a wand of digging (5)
 z - a wand of flame (3)
 C - a wand of roots (7)
Scrolls
 c - 2 scrolls of fear
 g - 3 scrolls of teleportation
 h - a scroll of enchant weapon
 j - a scroll of butterflies
 l - a scroll of enchant armour
 u - 2 scrolls of vulnerability
Potions
 d - 2 potions of attraction
 m - a potion of ambrosia
 n - a potion of flight
 r - 2 potions of curing
 B - 2 potions of might


   Skills:
 - Level 2.0 Fighting
 + Level 3.0 Ranged Weapons
 * Level 5.2 Dodging
 - Level 4.0 Stealth
 - Level 7.0 Spellcasting
 - Level 14.0 Conjurations
 - Level 2.0 Translocations
 - Level 2.0 Fire Magic
 - Level 2.0 Air Magic
 - Level 2.0 Poison Magic
 - Level 2.0 Evocations


You had 13 spell levels left.
You knew the following spells:

 Your Spells              Type           Power      Damage    Failure   Level
a - Magic Dart            Conj           100%       1d8       0%          1
b - Iskenderun's Mystic   Conj/Tloc      62%        2d13      1%          4
c - Mephitic Cloud        Conj/Pois/Air  53%        N/A       1%          3
d - Kindle Blastsparks    Fire/Tloc/Air  52%        2d14      1%          3

Your spell library contained the following spells:

 Spells                   Type           Power      Damage    Failure   Level
 Inner Flame              Hex/Fire       19%        N/A       2%          3
 Searing Ray              Conj           100%       2d8       0%          2
 Blink                    Tloc           52%        N/A       1%          2
 Call Imp                 Summ           12%        N/A       1%          2
 Momentum Strike          Conj/Tloc      100%       3d10      1%          2
 Dazzling Flash           Conj/Hex       100%       N/A       1%          3
 Lesser Beckoning         Tloc           52%        N/A       1%          3
 Fulminant Prism          Conj/Hex       28%        3d14      1%          4
 Ozocubu's Armour         Ice            12%        N/A       4%          3
 Tukima's Dance           Hex            12%        N/A       4%          3
 Passage of Golubria      Tloc           26%        N/A       6%          4
 Silence                  Hex/Air        9%         N/A       24%         5
 Agony                    Necr           12%        N/A       34%         5
 Lee's Rapid Deconstruct  Erth           6%         3d6*      34%         5
 Metabolic Englaciation   Hex/Ice        6%         N/A       34%         5
 Yara's Violent Unravell  Hex/Tmut       6%         3d5       34%         5
 Simulacrum               Ice/Necr       6%         N/A       87%         6


Dungeon Overview and Level Annotations

Branches:
Dungeon (10/15)            Temple (1/1) D:5            Lair (1/5) D:8
    Orc: D:9-12

Altars:
Ashenzari
Cheibriados
Dithmenos
Elyvilon
Fedhas
Gozag
Hepliaklqana
Kikubaaqudgha
Makhleb
Nemelex Xobeh
Qazlal
Ru
Sif Muna
Uskayaw
Vehumet
Wu Jian
Xom
Yredelemnul
Zin
The Shining One

Shops:
D:10 =

Annotations:
D:6 2 transporters, vineage's ghost, novice GrFi
D:7 2 transporters, Voxish's ghost, novice MeFi
D:10 3 runed translucent doors, exclusion: oklob plant, funkygono's ghost, journeyman DsFE


Innate Abilities, Weirdness & Mutations

You cannot wear most types of armour.
You are amphibious.
You can wear up to eight rings at the same time.
Your skin changes colour to match your surroundings (Stealth+).
Your rubbery body absorbs attacks. (AC +1, EV +1)
((You are camouflaged when in or above water. (Stealth+)))
You have tentacles for arms and can constrict up to eight enemies at once.
Your mind is acute. (Int +4, Str/Dex -1)
Your muscles are strong. (Str +4, Int/Dex -1)


Message History

The sling bullet hits the water moccasin!
The sling bullet freezes the water moccasin.
The water moccasin is moderately wounded.
The water moccasin bites you but does no damage.
The water moccasin closely misses you.
Unknown command.
Unknown command.
The water moccasin attacks as you move away!
The water moccasin closely misses you. The cane toad barely misses you.
The cane toad attacks as you move away! The cane toad barely misses you.
The water moccasin closely misses you. The water moccasin barely misses you.
Casting: Iskenderun's Mystic Blast (dangerous; 1% risk of failure)
Confirm with . or Enter, or press ? or * to list all spells.
You erupt in a blast of force!
The mystic blast hits the water moccasin!
The water moccasin is almost dead.
The water moccasin is knocked back by the mystic blast.
The water moccasin slams into the rock wall!
You kill the water moccasin!
Vehumet accepts your kill.
The mystic blast hits the water moccasin!
The water moccasin is severely wounded.
The water moccasin is knocked back by the mystic blast.
The water moccasin collides with the cane toad!
The cane toad is moderately wounded.
The water moccasin is severely wounded.
The mystic blast hits the cane toad but does no damage.
The cane toad closely misses you.
The catoblepas breathes a plume of calcifying dust at you.
The blast of calcifying dust hits the water moccasin!
The water moccasin dies!
The blast of calcifying dust hits you!
Your Ranged Weapons skill increases to level 3!
Unknown command.
The cane toad attacks as you move away! The cane toad stings you!!
* * * LOW HITPOINT WARNING * * *
You are lethally poisoned!
The cane toad poisons you!
You die...

##### #### #####
..#.##########P.###†#.###########
...................F.............
................@§§..............
...####.########..F§S§....#+###).
..## ### #....F.§.Y.#...... ..#
#................# ..#
#..........#.....# ..#
#P..........#....F# ..#
##..........#.#.#.. ..#
.................F ..# #
.....##+#Y##....


You could see 3 cane toads and a water moccasin.

Vanquished Creatures
  A black mamba (Lair:1)
  A cane toad (Lair:1)
  5 kobold demonologists
  A komodo dragon (Lair:1)
  A troll (D:9)
  A hornet (D:7)
  2 wyverns
  Sigmund (D:3)
  11 yaks (D:10)
  A basilisk (Lair:1)
  A steam dragon (D:9)
  2 acid dragons
  A water moccasin (Lair:1)
  3 sky beasts (D:8)
  4 orc warriors
  4 ogres
  3 centaurs (D:7)
  2 phantoms (D:6)
  5 kobold brigands
  13 bullfrogs
  Blork the orc (D:5)
  3 necrophages
  11 jellies
  3 orc priests
  2 hounds
  Jessica (D:3)
  4 iguanas
  Natasha (D:2)
  10 orc wizards
  10 adders
  8 gnolls
  2 shadow imps
  4 white imps
  An ufetubus (D:4)
  A worm (D:3)
  2 dart slugs (D:1)
  17 orcs
  2 bats
  19 endoplasms
  3 giant cockroaches
  4 goblins
  4 hobgoblins
  9 jackals
  5 quokkas
  9 ball pythons
  14 frilled lizards
  22 kobolds
  6 rats
241 creatures vanquished.

Vanquished Creatures (others)
  A steam dragon (D:9)
  A water moccasin (Lair:1)
  3 sky beasts
  A black bear (D:6)
  2 orc warriors (D:9)
  A centaur (D:4)
  A kobold brigand (D:9)
  A gnoll sergeant (D:9)
  An orc priest (D:8)
  Natasha (D:2)
  Terence (D:3)
  An orc wizard (D:9)
  A gnoll (D:4)
  A white imp (D:5)
  A bat (D:2)
  A quokka (D:2)
  2 kobolds (D:7)
  22 fungi
  22 plants
65 creatures vanquished.

Grand Total: 306 creatures vanquished

Notes
Turn   | Place    | Note
-------+----------+-------------------------------------------
     0 | D:1      | raistware the Octopode Conjurer began the quest for the
                  | Orb.
     0 | D:1      | Reached XP level 1. HP: 11/11 MP: 3/3
   210 | D:1      | Reached XP level 2. HP: 17/17 MP: 0/5
   414 | D:1      | Reached XP level 3. HP: 16/21 MP: 4/7
   419 | D:1      | Learned a level 2 spell: Momentum Strike
  1494 | D:2      | Identified the +9 sling of Fundamental Breach {freeze,
                  | rCorr Int+3 Stlth+}
  1521 | D:2      | Reached XP level 4. HP: 27/27 MP: 9/9
  1615 | D:2      | Noticed Natasha
  1622 | D:2      | Killed Natasha
  1623 | D:2      | Reached skill level 1 in Translocations
  1628 | D:2      | Learned a level 4 spell: Iskenderun's Mystic Blast
  1654 | D:2      | Found a faded altar of an unknown god.
  1919 | D:2      | Noticed Natasha
  1921 | D:2      | Killed Natasha
  2214 | D:2      | Reached XP level 5. HP: 31/31 MP: 11/11
  2480 | D:3      | Noticed Terence
  2486 | D:3      | Killed Terence
  2645 | D:3      | Noticed Jessica
  2648 | D:3      | Killed Jessica
  2669 | D:3      | Reached skill level 5 in Conjurations
  2853 | D:3      | Noticed Sigmund
  2971 | D:3      | Killed Sigmund
  2972 | D:3      | Reached XP level 6. HP: 36/36 MP: 6/12
  3141 | D:4      | Reached skill level 6 in Conjurations
  3470 | D:4      | Reached XP level 7. HP: 41/41 MP: 13/13
  3694 | D:4      | Reached skill level 7 in Conjurations
  3994 | D:5      | Entered Level 5 of the Dungeon
  4331 | D:5      | Reached skill level 8 in Conjurations
  4453 | D:5      | Noticed Blork the orc
  4457 | D:5      | Killed Blork the orc
  4467 | D:5      | Reached skill level 1 in Fighting
  4467 | D:5      | Reached skill level 1 in Ranged Weapons
  4467 | D:5      | Reached XP level 8. HP: 41/48 MP: 14/14
  4536 | D:5      | Found a staircase to the Ecumenical Temple.
  4542 | Temple   | Entered the Ecumenical Temple
  4662 | Temple   | Became a worshipper of Vehumet
  5011 | D:6      | Noticed a wyvern
  5017 | D:6      | Killed a wyvern
  5150 | D:6      | Reached skill level 5 in Spellcasting
  5188 | D:6      | Reached skill level 9 in Conjurations
  5411 | D:6      | Found a transporter.
  5412 | D:6      | Found a transporter.
  5414 | D:6      | Noticed a hornet
  5415 | D:6      | Noticed vineage's ghost (novice GrFi)
  6254 | D:7      | Found a transporter.
  6255 | D:7      | Found a transporter.
  6255 | D:7      | Identified the +8 great mace of Turmoil {vorpal, rPois}
  6255 | D:7      | Noticed a two-headed ogre
  6255 | D:7      | Noticed Voxish's ghost (novice MeFi)
  6448 | D:7      | Identified the +4 dagger "Isit" {flame, Contam Fragile
                  | rN+++ rCorr}
  6521 | D:7      | Noticed a hornet
  6943 | D:7      | Paralysed by a hornet for 1 turns
  6945 | D:7      | Killed a hornet
  6954 | D:7      | Learned a level 3 spell: Kindle Blastsparks
  7087 | D:7      | Reached XP level 9. HP: 53/53 MP: 11/17
  7200 | D:7      | Reached skill level 1 in Fire Magic
  7200 | D:7      | Reached skill level 1 in Evocations
  7212 | D:7      | HP: 3/81 [white imp/puff of frost (2)]
  7214 | D:7      | Reached skill level 1 in Air Magic
  7902 | D:8      | Reached skill level 10 in Conjurations
  8449 | D:8      | Reached skill level 11 in Conjurations
  8740 | D:8      | Reached * piety under Vehumet
  8740 | D:8      | Offered knowledge of Freeze by Vehumet.
  8900 | D:8      | Found a staircase to the Lair.
  9274 | D:9      | Noticed a kobold demonologist
  9274 | D:9      | Noticed a kobold demonologist
  9274 | D:9      | Noticed a kobold demonologist
  9277 | D:9      | Noticed a red devil
  9353 | D:9      | Killed a kobold demonologist
  9354 | D:9      | Reached skill level 12 in Conjurations
  9354 | D:9      | Reached XP level 10. HP: 55/60 MP: 11/19
  9354 | D:9      | Killed a kobold demonologist
  9428 | D:9      | Noticed a sixfirhy
  9585 | D:9      | Noticed a kobold demonologist
  9676 | D:9      | Noticed a rust devil
  9678 | D:9      | Noticed a soul eater
  9678 | D:9      | Killed a kobold demonologist
  9796 | D:9      | Killed a kobold demonologist
 10654 | D:9      | Learned a level 3 spell: Mephitic Cloud
 10661 | D:10     | Entered Level 10 of the Dungeon
 10798 | D:10     | Found Taffiloil's One-of-a-Kind Rings.
 10841 | D:10     | Noticed a kobold demonologist
 10863 | D:10     | Killed a kobold demonologist
 10864 | D:10     | Reached skill level 1 in Poison Magic
 10967 | D:10     | Reached ** piety under Vehumet
 10969 | D:10     | Offered knowledge of Poisonous Vapours by Vehumet.
 11102 | D:10     | Found a runed translucent gate.
 11102 | D:10     | Found a runed translucent gate.
 11102 | D:10     | Found a runed translucent gate.
 11103 | D:10     | Noticed funkygono's ghost (journeyman DsFE)
 11260 | D:10     | Reached skill level 13 in Conjurations
 11274 | D:10     | Reached XP level 11. HP: 39/64 MP: 0/21
 11543 | D:10     | Found a stormy altar of Qazlal.
 11669 | D:10     | Noticed an oklob plant
 12137 | Lair:1   | Entered Level 1 of the Lair of Beasts
 12213 | Lair:1   | Reached skill level 14 in Conjurations
 12299 | Lair:1   | Offered knowledge of Inner Flame by Vehumet.
 12438 | Lair:1   | Reached skill level 5 in Dodging
 12583 | Lair:1   | Noticed a catoblepas
 12597 | Lair:1   | Gained mutation: Your mind is acute. (Int +4, Str/Dex -1)
                  | [potion of mutation]
 12597 | Lair:1   | Gained mutation: Your muscles are strong. (Str +4, Int/Dex
                  | -1) [potion of mutation]
 12617 | Lair:1   | HP: 3/64 [cane toad (19)]
 12617 | Lair:1   | Succumbed to a cane toad's poison

Illustrated notes

Levels and vault maps discovered:
D:1:      amcnicky_arrival_choice, layout_basic, minmay_lizard_king
D:2:      layout_basic, basic_ecumenical_altar, uniq_natasha
D:3:      layout_rooms, uniq_sigmund, uniq_terence, uniq_jessica
D:4:      layout_gridville
D:5:      layout_basic, minmay_temple_entry_tees, uniq_blork_the_orc
D:6:      layout_layer_cave, gammafunk_ghost_hive, item_on_display_a
D:7:      layout_cave_pods, gammafunk_ghost_smash
D:8:      layout_loops_corners, grunt_lair_entry_orc_guard_hut,
          minmay_misc_feat_ornament, chequers_serial_rivers_small_b,
          grunt_ogre_cave
D:9:      kennysheep_six_static_rooms, layout_rooms
D:10:     lemuel_slime, layout_cave_pools, mainiacjoe_overflow_tiny_flanked,
          ebering_ghost_rock_garden, nicolae_shop_unique_rings
Temple:   mainiacjoe_temple_circle_huts
Lair:1:   layout_chaotic_city, beast_lair_carwin_10, grunt_megastairs_5,
          uniq_urug

Skill      XL: |  1  2  3  4  5  6  7  8  9 10 11 |
---------------+----------------------------------+-----
Spellcasting   | 3 4 5 6 7 |  7.0
Translocations | 2 |  2.0
Stealth        | 3 4 |  4.0
Conjurations   | 5 6 8 9 12 13 14 | 14.0
Fighting       | 1 2 |  2.0
Ranged Weapons | 1 2 3 |  3.0
Fire Magic     | 1 2 |  2.0
Evocations     | 2 |  2.0
Air Magic      | 1 2 |  2.0
Dodging        | 4 5 |  5.2
Poison Magic   | 2 |  2.0

Action                   |  1- 3 |  4- 6 |  7- 9 | 10-12 || total
-------------------------+-------+-------+-------+-------++-------
Melee: Short sword       |    32 |       |       |       ||    32
       Constrict         |     8 |       |       |       ||     8
       Unarmed           |     1 |       |       |       ||     1
       Tentacles         |     4 |       |       |       ||     4
 Fire: Sling             |     7 |   114 |   198 |   170 ||   489
Throw: Dart              |       |       |     2 |       ||     2
 Cast: Magic Dart        |    43 |     2 |    11 |     4 ||    60
       Momentum Strike   |       |    11 |    17 |    15 ||    43
       Iskenderun's Myst |       |     3 |    23 |    35 ||    61
       Kindle Blastspark |       |       |     3 |    11 ||    14
       Mephitic Cloud    |       |       |       |     6 ||     6
Evoke: Wand              |       |       |     9 |     4 ||    13
  Use: Potion            |       |     3 |     3 |     6 ||    12
       Scroll            |       |       |     4 |    17 ||    21
 Stab: Sleeping          |     2 |       |       |       ||     2
Armor: Skin              |     3 |     6 |    13 |     3 ||    25
Dodge: Dodged            |    14 |    44 |    41 |    40 ||   139

Table legend: (Time is in decaauts)
 A = Elapsed time spent in this place.
 B = Non-inter-level travel time spent in this place.
 C = Inter-level travel time spent in this place.
 D = Time resting spent in this place.
 E = Time spent auto-exploring this place.
 F = Levels seen in this place.
 G = Mean time per level.
                   A        B        C        D        E       F      G
               +--------+--------+--------+--------+--------+-----+--------+
         Total |  12784 |  11982 |    802 |   1835 |   8314 |  12 | 1065.3 |
       Dungeon |  12188 |  11415 |    773 |   1835 |   7885 |  10 | 1218.8 |
        Temple |    164 |    136 |     28 |      0 |    112 |   1 |  164.0 |
          Lair |    431 |    431 |      0 |      0 |    317 |   1 |  431.0 |
               +--------+--------+--------+--------+--------+-----+--------+

Top non-repeatable levels by time:
     D:8: 1942 daAuts
     D:7: 1746 daAuts
    D:10: 1321 daAuts
     D:2: 1269 daAuts
     D:1: 1197 daAuts
     D:9: 1186 daAuts
     D:6: 1090 daAuts
     D:4: 945 daAuts
     D:5: 863 daAuts
     D:3: 626 daAuts
  Lair:1: 431 daAuts
  Temple: 164 daAuts
